 Dungeon Crawl Stone Soup version 0.28.0-43-g3370ac3207 (webtiles) character file.

Game seed: 12740353966090730734

9 jimonade the Chucker (level 2, -2/26 HPs)
             Began as a Gnoll Wanderer on Mar 15, 2022.
             Slain by a quokka (5 damage)
             ... on level 1 of the Dungeon.
             The game lasted 00:03:06 (796 turns).

jimonade the Chucker (Gnoll Wanderer)                Turns: 796, Time: 00:03:07

Health: -2/26      AC:  2    Str:  8    XL:     2   Next: 16%
Magic:  5/5        EV:  9    Int: 16    God:
Gold:   35         SH:  0    Dex:  9    Spells: 6/6 levels left

rFire   . . .      SeeInvis .   a - +0 dagger
rCold   . . .      Faith    .   (no shield)
rNeg    . . .      Spirit   .   c - +0 robe
rPois   .          Reflect  .   (no helmet)
rElec   .          Harm     .   (no cloak)
rCorr   .          Rampage  .   (no gloves)
Will    .....                   (no boots)
Stlth   +.........              (no amulet)
HPRegen 0.08/turn               (no ring)
MPRegen 0.09/turn               (no ring)

@: constricted
A: fangs 1, strong nose, distributed training
a: no special abilities


You were on level 1 of the Dungeon.
You visited 1 branch of the dungeon, and saw 1 of its levels.

You collected 35 gold pieces.

Inventory:

Hand Weapons
 a - a +0 dagger (weapon)
Missiles
 b - 11 poisoned darts (quivered)
 e - 4 boomerangs
Armour
 c - a +0 robe (worn)
Scrolls
 d - a scroll of identify {unknown}
 f - a scroll of fear {unknown}
 g - a scroll of immolation {unknown}
 h - a scroll of amnesia {unknown}


   Skills:
 + Level 4.4 Fighting
 + Level 0.3 Short Blades
 + Level 0.3 Long Blades
 + Level 0.3 Axes
 + Level 0.3 Maces & Flails
 + Level 0.3 Polearms
 + Level 0.3 Staves
 + Level 0.3 Slings
 + Level 0.3 Bows
 + Level 0.3 Crossbows
 + Level 4.4 Throwing
 + Level 0.3 Armour
 + Level 2.4 Dodging
 + Level 0.3 Stealth
 + Level 0.3 Shields
 + Level 0.3 Unarmed Combat
 + Level 2.7 Spellcasting
 + Level 0.2 Conjurations
 + Level 0.2 Hexes
 + Level 3.7 Summonings
 + Level 0.2 Necromancy
 + Level 0.2 Translocations
 + Level 0.2 Transmutations
 + Level 3.7 Fire Magic
 + Level 0.2 Ice Magic
 + Level 0.2 Air Magic
 + Level 0.2 Earth Magic
 + Level 0.2 Poison Magic
 + Level 0.4 Invocations
 + Level 0.3 Evocations


You had 6 spell levels left.
You didn't know any spells.
Your spell library contained the following spells:

 Spells                   Type           Power      Damage    Failure   Level
 Summon Small Mammal      Summ           56%        N/A       4%          1
 Call Imp                 Summ           14%        N/A       6%          2
 Foxfire                  Conj/Fire      32%        2x1d5     9%          1
 Ignite Poison            Fire/Tmut/Pois 6%         N/A       32%         3
 Summon Ice Beast         Ice/Summ       8%         N/A       65%         4


Dungeon Overview and Level Annotations

Branches:
Dungeon (1/15)

Altars:


Innate Abilities, Weirdness & Mutations

You have very sharp teeth.
Your uncanny sense of smell can sniff out nearby items.
Your experience applies equally to all skills.


Message History

You hit the quokka but do no damage. Your bite misses the quokka.
The quokka misses you.
You closely miss the quokka. The quokka closely misses you.
You closely miss the quokka. The quokka bites you.
You hit the quokka. You bite the quokka, but do no damage.
The quokka is lightly wounded.
The quokka barely misses you. The ball python barely misses you.
The ball python closely misses you. The quokka barely misses you.
You hit the quokka but do no damage.
The quokka is lightly wounded.
The ball python closely misses you. x2; The quokka closely misses you.
You miss the quokka.
The quokka is lightly wounded.
The ball python barely misses you. The ball python grabs you.
The ball python constricts you. The quokka bites you.
You hit the quokka but do no damage.
The quokka is lightly wounded.
The ball python bites you. The ball python constricts you.
The quokka barely misses you. The ball python closely misses you.
The ball python constricts you.
You miss the quokka.
The quokka is lightly wounded.
The quokka bites you. The ball python misses you.
The ball python constricts you.
You closely miss the quokka.
The quokka is lightly wounded.
The quokka bites you but does no damage.
The ball python misses you. The ball python constricts you.
The quokka bites you.
You hit the quokka.
The quokka is moderately wounded.
The ball python bites you but does no damage.
The ball python constricts you. The quokka bites you.
* * * LOW HITPOINT WARNING * * *
You closely miss the quokka.
The quokka is moderately wounded.
The ball python bites you.
* * * LOW HITPOINT WARNING * * *
The ball python constricts you. The quokka bites you.
You die...

#........# #)......#..
######...########..#..
#................#..
#.#...########.###..
#.#.................
#.##....#####.#####.
#.....#.# #.#####.
###########.#####.....##
......r@................
...!..S.................
#############..####.....
##.# #...## #.########
#........# #..⌠...⌠.#
#...###..# #...#<#..##


You could see a quokka and a ball python.

Vanquished Creatures
  An endoplasm (D:1)
  A goblin (D:1)
  A hobgoblin (D:1)
  3 ball pythons (D:1)
  3 bats (D:1)
  A rat (D:1)
10 creatures vanquished.

Notes
Turn   | Place    | Note
-------+----------+-------------------------------------------
     0 | D:1      | jimonade the Gnoll Wanderer began the quest for the Orb.
     0 | D:1      | jimonade set off with the following items: a +0 dagger, 11
                  | poisoned darts, a +0 robe; and the following spells
                  | available to memorise: Summon Small Mammal, Call Imp,
                  | Foxfire, Ignite Poison, Summon Ice Beast
     0 | D:1      | Reached XP level 1. HP: 20/20 MP: 4/4
   376 | D:1      | Reached XP level 2. HP: 24/26 MP: 5/5
   796 | D:1      | Slain by a quokka

Illustrated notes

Levels and vault maps discovered:
D:1:      scummos_arrival_simple_fountains, layout_basic,
          basic_ecumenical_altar, nicolae_figureground_pulse

Action                   || total
-------------------------++-------
Melee: Dagger            ||    45
       Bite              ||     3
Throw: Dart              ||     6
 Stab: Sleeping          ||     1
Armor: Robe              ||    12
Dodge: Dodged            ||    53
